Chicago Black Hawks vs Colorado Rockies
Created - Sunday, May 5, 2024 at 08:10
Goals
|
| Chicago Black Hawks |
1 |
0 |
0 |
0 |
0 |
1 |
| Colorado Rockies |
0 |
1 |
0 |
0 |
1 |
2 |
|
Shots
|
| Chicago Black Hawks |
15 |
8 |
14 |
2 |
3 |
39 |
| Colorado Rockies |
14 |
10 |
6 |
4 |
2 |
34 |
|
1st period
1. Chicago Black Hawks , Kirby Dach 23 (Patrice Bergeron 42, Devon Toews 8) at 3:05
Penalties :
Conor Sheary (CHI) for High sticking (Minor) at 6:54
2nd period
2. Colorado Rockies , Tim Stutzle 29 (David Pastrnak 34) at 19:37 (PP)
Penalties :
Nikita Zadorov (COL) for Hooking (Minor) at 4:16, Ryan O'Reilly (COL) for Hooking (Minor) at 9:07, Michael Bunting (COL) for Slashing (Minor) at 12:57, Kevin Fiala (CHI) for Tripping (Minor) at 19:30
3rd period
No Goal
Penalties :
Seth Jones (CHI) for Roughing (Minor) at 0:22, Martin Fehervary (COL) for Slashing (Minor) at 5:19, Nikita Zadorov (COL) for Roughing (Minor) at 18:02
Overtime #1
No Goal
Penalties :
No Penalty
Shootout
Chicago Black Hawks, Bo Horvat - Stopped by Andrei Vasilevskiy
Colorado Rockies, Ryan O'Reilly - Stopped by Thatcher Demko
Chicago Black Hawks, Patrice Bergeron - Stopped by Andrei Vasilevskiy
Colorado Rockies, Michael Bunting - Goal!
Chicago Black Hawks, Vincent Trocheck - Stopped by Andrei Vasilevskiy
Penalties :
No Penalty
Goalie Stats
Thatcher Demko (CHI), 33 saves from 34 shots - (0.971), OTL, 36-12-11, 65:00 minutes
Andrei Vasilevskiy (COL), 38 saves from 39 shots - (0.974), W, 26-12-3, 65:00 minutes
Players Stats for Chicago Black Hawks
Player Name G A P +/- PIM S H SB GA TA FO MP PP MP PK MP
------------------------------------------------------------------------------------
Barrett Hayton 0 0 0 1 0 1 1 0 0 0 2/3 20:40 4:57 2:11
Bo Horvat 0 0 0 0 0 2 1 0 1 0 13/24 18:45 4:53 0:00
Brent Burns 0 0 0 0 0 1 0 3 1 1 0/0 25:15 4:26 2:07
Cale Makar 0 0 0 0 0 6 3 0 0 1 0/0 25:30 4:58 0:00
Conor Sheary 0 0 0 0 2 2 0 1 0 0 0/0 12:13 0:00 0:00
Devon Toews 0 1 1 0 0 0 0 2 0 0 0/0 23:26 4:58 1:58
Frederick Gaudreau 0 0 0 0 0 2 0 0 0 0 0/1 5:44 0:03 1:46
Jaden Schwartz 0 0 0 0 0 2 0 0 0 0 0/1 12:49 0:00 0:08
Kevin Fiala 0 0 0 0 2 5 0 0 0 0 0/2 20:42 4:53 0:00
Kirby Dach 1 0 1 1 0 6 1 1 1 0 0/0 18:21 5:00 0:00
Marcus Pettersson 0 0 0 1 0 0 3 2 0 0 0/0 17:46 0:00 1:22
Michael Rasmussen 0 0 0 0 0 2 2 1 0 0 0/0 9:11 0:00 2:11
Nicholas Paul 0 0 0 0 0 0 0 0 0 1 5/11 17:54 0:03 0:08
Patrice Bergeron 0 1 1 1 0 2 0 2 0 0 12/22 19:54 4:57 1:46
Seth Jones 0 0 0 0 2 0 1 1 2 2 0/0 18:50 4:55 0:45
Shane Pinto 0 0 0 0 0 1 0 0 0 0 2/2 8:25 0:00 0:00
Travis Sanheim 0 0 0 1 0 0 0 0 0 1 0/0 19:20 0:29 1:58
Vincent Trocheck 0 0 0 0 0 7 3 1 1 1 4/5 21:07 4:53 0:00
Players Stats for Colorado Rockies
Player Name G A P +/- PIM S H SB GA TA FO MP PP MP PK MP
------------------------------------------------------------------------------------
Andrew Peeke 0 0 0 0 0 0 1 0 0 0 0/0 22:39 0:07 4:54
David Pastrnak 0 1 1 0 0 4 1 0 0 0 2/2 15:44 2:02 0:00
Jakub Vrana 0 0 0 0 0 0 1 0 0 0 0/0 7:12 0:00 0:00
Jesper Bratt 0 0 0 0 0 1 1 0 0 1 0/1 15:59 2:03 0:39
Kevin Hayes 0 0 0 -1 0 0 0 0 0 0 0/0 12:12 0:00 0:00
Kyle Connor 0 0 0 0 0 4 1 0 2 0 0/0 15:04 1:55 0:00
Kyle Palmieri 0 0 0 0 0 1 0 0 0 0 0/0 7:12 0:00 0:00
Martin Fehervary 0 0 0 0 2 0 1 2 0 0 0/0 11:53 0:00 0:05
Michael Bunting 0 0 0 -1 2 2 1 0 0 1 0/1 13:02 0:07 0:00
Nick Bonino 0 0 0 0 0 1 1 0 0 0 5/11 15:13 2:03 4:34
Nick Schmaltz 0 0 0 -1 0 1 1 1 0 0 4/11 13:08 0:00 0:35
Nikita Kucherov 0 0 0 0 0 2 2 1 4 0 1/1 23:21 1:45 4:51
Nikita Zadorov 0 0 0 0 4 0 1 0 0 1 0/0 17:52 0:00 2:57
Quinn Hughes 0 0 0 -1 0 2 0 1 0 0 0/0 29:18 1:45 5:37
Ryan O'Reilly 0 0 0 0 2 1 0 1 0 0 12/24 22:22 2:03 3:42
Tim Stutzle 1 0 1 0 0 7 3 0 1 0 9/20 21:46 2:02 5:27
Victor Hedman 0 0 0 -1 0 6 3 0 0 1 0/0 28:18 2:13 5:03
Vince Dunn 0 0 0 0 0 2 2 1 0 2 0/0 17:45 2:20 1:14
3 Stars
1 - Andrei Vasilevskiy (COL)
2 - Thatcher Demko (CHI)
3 - Tim Stutzle (COL)
Power Play
Chicago Black Hawks - 0 on 5 Attempt(s) - 0.00%
Colorado Rockies - 1 on 3 Attempt(s) - 33.33%
Penalty Kill
Chicago Black Hawks - 2 on 3 Attempt(s) - 66.67%
- Score 0 goal in Penalty Kill
Colorado Rockies - 5 on 5 Attempt(s) - 100.00%
- Score 0 goal in Penalty Kill
Team Stat
Chicago Black Hawks - Hits : 15 - Faceoff Wins : 38 - Blocked Shots : 14 - Penalty Minutes : 6
Colorado Rockies - Hits : 20 - Faceoff Wins : 33 - Blocked Shots : 7 - Penalty Minutes : 10
Official
Referees : Tim Peel and Evgeny Romasko
Linesman : Unknown
Game Notes
No Game Note
Finance
Level 1 -- Attendance: 6000 (100.00%) -- Ticket Income $540,000
Level 2 -- Attendance: 4604 (92.08%) -- Ticket Income $253,220
Level 3 -- Attendance: 2356 (78.53%) -- Ticket Income $82,460
Level 4 -- Attendance: 3667 (73.34%) -- Ticket Income $91,675
Luxury Box -- Attendance: 980 (98.00%) -- Ticket Income $171,500
Game was played at the Pepsi Center.
Total Attendance: 17607 (88.04%)
Total Ticket Income: $1,138,855
Other Income: $398,599
Total Income: $1,537,454
Chicago Black Hawks
5 vs 5 Forward
Center Left Wing Right Wing Time % Phy DF OF
1 Bo Horvat Kevin Fiala Vincent Trocheck 30 1 2 2
2 Patrice Bergeron Barrett Hayton Kirby Dach 30 1 2 2
3 Nicholas Paul Jaden Schwartz Conor Sheary 25 1 2 2
4 Shane Pinto Michael Rasmussen Nicholas Paul 15 1 2 2
5 vs 5 Defense
Defense Defense Time % Phy DF OF
1 Cale Makar Seth Jones 30 0 3 2
2 Brent Burns Devon Toews 30 1 3 1
3 Travis Sanheim Marcus Pettersson 25 0 4 1
4 Cale Makar Brent Burns 15 0 3 2
PowerPlay Forward
Center Left Wing Right Wing Time % Phy DF OF
1 Bo Horvat Kevin Fiala Vincent Trocheck 50 0 0 5
2 Patrice Bergeron Barrett Hayton Kirby Dach 50 0 0 5
PowerPlay Defense
Defense Defense Time % Phy DF OF
1 Brent Burns Seth Jones 50 0 1 4
2 Cale Makar Devon Toews 50 0 1 4
Penalty Kill 4 Players Forward
Center Wing Time % Phy DF OF
1 Patrice Bergeron Frederick Gaudreau 50 0 5 0
2 Barrett Hayton Michael Rasmussen 50 0 5 0
Penalty Kill 4 Players Defense
Defense Defense Time % Phy DF OF
1 Devon Toews Travis Sanheim 50 0 5 0
2 Brent Burns Seth Jones 50 0 5 0
Penalty Kill - 3 Players Forward
Forward Time % Phy DF OF
1 Bo Horvat 50 0 5 0
2 Frederick Gaudreau 50 0 5 0
Penalty Kill - 3 Players Defense
Defense Defense Time % Phy DF OF
1 Marcus Pettersson Seth Jones 50 0 5 0
2 Travis Sanheim Devon Toews 50 0 5 0
4 vs 4 Forward
Center Wing Time % Phy DF OF
1 Vincent Trocheck Frederick Gaudreau 50 1 2 2
2 Shane Pinto Kevin Fiala 50 1 2 2
4 vs 4 Defense
Defense Defense Time % Phy DF OF
1 Devon Toews Travis Sanheim 50 1 3 1
2 Marcus Pettersson Cale Makar 50 0 4 1
Last Minutes Offensive
Center Left Wing Right Wing Defense Defense
Bo Horvat Kevin Fiala Vincent Trocheck Cale Makar Seth Jones
Last Minutes Defensive
Center Left Wing Right Wing Defense Defense
Bo Horvat Kevin Fiala Vincent Trocheck Cale Makar Seth Jones
Goaltenders
Starting : Thatcher Demko
Backup : Jordan Binnington
Extra Forwards
Normal : Frederick Gaudreau, Nicholas Paul, Jaden Schwartz - PP : Frederick Gaudreau, Nicholas Paul - PK : Jaden Schwartz
Extra Defensemen
Normal : Travis Sanheim, Marcus Pettersson, Brent Burns - PP : Travis Sanheim - PK : Marcus Pettersson, Brent Burns
Penalty Shots
Bo Horvat, Patrice Bergeron, Vincent Trocheck, Kevin Fiala, Barrett Hayton
Colorado Rockies
5 vs 5 Forward
Center Left Wing Right Wing Time % Phy DF OF
1 Ryan O'Reilly Kyle Connor Nikita Kucherov 30 1 2 2
2 Tim Stutzle Jesper Bratt David Pastrnak 30 1 2 2
3 Nick Schmaltz Michael Bunting Kevin Hayes 25 1 2 2
4 Nick Bonino Jakub Vrana Kyle Palmieri 15 1 2 2
5 vs 5 Defense
Defense Defense Time % Phy DF OF
1 Victor Hedman Quinn Hughes 42 1 2 2
2 Vince Dunn Andrew Peeke 36 1 2 2
3 Martin Fehervary Nikita Zadorov 22 1 2 2
4 Victor Hedman Quinn Hughes 0 1 2 2
PowerPlay Forward
Center Left Wing Right Wing Time % Phy DF OF
1 Tim Stutzle Kyle Connor David Pastrnak 50 1 2 2
2 Ryan O'Reilly Jesper Bratt Nick Bonino 50 1 2 2
PowerPlay Defense
Defense Defense Time % Phy DF OF
1 Nikita Kucherov Quinn Hughes 50 1 2 2
2 Victor Hedman Vince Dunn 50 1 2 2
Penalty Kill 4 Players Forward
Center Wing Time % Phy DF OF
1 Ryan O'Reilly Nikita Kucherov 50 1 2 2
2 Nick Bonino Tim Stutzle 50 1 2 2
Penalty Kill 4 Players Defense
Defense Defense Time % Phy DF OF
1 Quinn Hughes Andrew Peeke 50 1 2 2
2 Victor Hedman Nikita Zadorov 50 1 2 2
Penalty Kill - 3 Players Forward
Forward Time % Phy DF OF
1 Ryan O'Reilly 50 1 2 2
2 Nick Bonino 50 1 2 2
Penalty Kill - 3 Players Defense
Defense Defense Time % Phy DF OF
1 Andrew Peeke Victor Hedman 50 1 2 2
2 Quinn Hughes Nikita Zadorov 50 1 2 2
4 vs 4 Forward
Center Wing Time % Phy DF OF
1 Tim Stutzle Nikita Kucherov 50 1 2 2
2 Ryan O'Reilly David Pastrnak 50 1 2 2
4 vs 4 Defense
Defense Defense Time % Phy DF OF
1 Victor Hedman Quinn Hughes 50 1 2 2
2 Nikita Zadorov Andrew Peeke 50 1 2 2
Last Minutes Offensive
Center Left Wing Right Wing Defense Defense
Ryan O'Reilly Kyle Connor Nikita Kucherov Victor Hedman Quinn Hughes
Last Minutes Defensive
Center Left Wing Right Wing Defense Defense
Ryan O'Reilly Kyle Connor Nikita Kucherov Victor Hedman Quinn Hughes
Goaltenders
Starting : Andrei Vasilevskiy
Backup : Joey Daccord
Extra Forwards
Normal : Michael Bunting, Ryan O'Reilly, Nikita Kucherov - PP : Michael Bunting, Ryan O'Reilly - PK : Ryan O'Reilly
Extra Defensemen
Normal : Victor Hedman, Nikita Zadorov, Vince Dunn - PP : Victor Hedman - PK : Nikita Zadorov, Vince Dunn
Penalty Shots
Ryan O'Reilly, Michael Bunting, Nikita Kucherov, Tim Stutzle, Nick Bonino
% Time on Ice - Chicago Black Hawks
Lines # - Real PCT - Wanted PCT - Time Play
Normal Forward
1 - 30% - 30% - 13:52
2 - 30% - 30% - 13:42
3 - 26% - 25% - 12:01
4 - 14% - 15% - 6:27
Normal Defense
1 - 29% - 30% - 13:11
2 - 29% - 30% - 13:09
3 - 30% - 25% - 13:41
4 - 13% - 15% - 6:01
PP Forward
1 - 49% - 50% - 4:53
2 - 51% - 50% - 5:00
PP Defense
1 - 50% - 50% - 4:55
2 - 50% - 50% - 4:58
PK Forward
1 - 43% - 50% - 1:46
2 - 57% - 50% - 2:19
PK Defense
1 - 48% - 50% - 1:58
2 - 52% - 50% - 2:07
PK3 Forward
1 - 0% - 50%
2 - 0% - 50%
PK3 Defense
1 - 0% - 50%
2 - 0% - 50%
44 Forward
1 - 58% - 50% - 2:54
2 - 42% - 50% - 2:06
44 Defense
1 - 56% - 50% - 2:49
2 - 44% - 50% - 2:11
Last Minute Offensive - 0:00
Last Minute Defensive - 0:00
Total
Forward - 65:00
Defense - 65:00
|
% Time on Ice - Colorado Rockies
Lines # - Real PCT - Wanted PCT - Time Play
Normal Forward
1 - 29% - 30% - 13:22
2 - 29% - 30% - 13:16
3 - 27% - 25% - 12:12
4 - 16% - 15% - 7:12
Normal Defense
1 - 42% - 42% - 19:14
2 - 33% - 36% - 15:12
3 - 25% - 22% - 11:36
4 - 0% - 0% - 0:00
PP Forward
1 - 50% - 50% - 2:02
2 - 50% - 50% - 2:03
PP Defense
1 - 43% - 50% - 1:45
2 - 57% - 50% - 2:20
PK Forward
1 - 53% - 50% - 5:16
2 - 47% - 50% - 4:37
PK Defense
1 - 48% - 50% - 4:47
2 - 52% - 50% - 5:06
PK3 Forward
1 - 100% - 50% - 0:02
2 - 0% - 50% - 0:00
PK3 Defense
1 - 100% - 50% - 0:02
2 - 0% - 50% - 0:00
44 Forward
1 - 60% - 50% - 2:59
2 - 40% - 50% - 1:59
44 Defense
1 - 51% - 50% - 2:33
2 - 49% - 50% - 2:25
Last Minute Offensive - 0:00
Last Minute Defensive - 0:00
Total
Forward - 65:00
Defense - 65:00
|
Play-by-Play
1st period
0:01 of 1st period - Ryan O'Reilly wins face-off versus Bo Horvat in neutral zone.
0:10 of 1st period - Snap shot by Bo Horvat.
0:10 of 1st period - Shot Blocked by Quinn Hughes.
0:12 of 1st period - Snap shot by Kevin Fiala.
0:12 of 1st period - Stopped by Andrei Vasilevskiy with a rebound.
0:26 of 1st period - Kirby Dach is hit by Tim Stutzle and loses puck.
0:31 of 1st period - Snap shot by Tim Stutzle.
0:31 of 1st period - Deflect By David Pastrnak.
0:31 of 1st period - Stopped by Thatcher Demko without a rebound.
0:32 of 1st period - Nick Schmaltz wins face-off versus Jaden Schwartz in Chicago Black Hawks zone.
0:41 of 1st period - Snap shot by Conor Sheary.
0:41 of 1st period - Stopped by Andrei Vasilevskiy with a rebound.
2:10 of 1st period - Icing by Barrett Hayton.
2:11 of 1st period - Nick Schmaltz wins face-off versus Patrice Bergeron in Chicago Black Hawks zone.
2:30 of 1st period - Slapshot by Quinn Hughes.
2:30 of 1st period - Shot Blocked by Kirby Dach.
2:51 of 1st period - Wrist shot by Kirby Dach.
2:51 of 1st period - Stopped by Andrei Vasilevskiy with a rebound.
3:05 of 1st period - Wrist shot by Kirby Dach.
3:05 of 1st period - Goal by Kirby Dach - Chicago Black Hawks : 1 - Colorado Rockies : 0.
3:06 of 1st period - Nicholas Paul wins face-off versus Tim Stutzle in neutral zone.
3:10 of 1st period - Off-side.
3:11 of 1st period - Tim Stutzle wins face-off versus Nicholas Paul in neutral zone.
3:16 of 1st period - Wrist shot by Tim Stutzle.
3:16 of 1st period - Shot Misses the Net.
3:18 of 1st period - Slapshot by Nikita Zadorov.
3:18 of 1st period - Shot Blocked by Conor Sheary.
3:26 of 1st period - Snap shot by Tim Stutzle.
3:26 of 1st period - Stopped by Thatcher Demko without a rebound.
3:27 of 1st period - Bo Horvat wins face-off versus Ryan O'Reilly in Chicago Black Hawks zone.
3:54 of 1st period - David Pastrnak is hit by Cale Makar and loses puck.
4:24 of 1st period - Andrew Peeke is hit by Kirby Dach and loses puck.
4:29 of 1st period - Wrist shot by Patrice Bergeron.
4:29 of 1st period - Stopped by Andrei Vasilevskiy without a rebound.
4:30 of 1st period - Bo Horvat wins face-off versus Ryan O'Reilly in Colorado Rockies zone.
4:31 of 1st period - Wrist shot by Kevin Fiala.
4:31 of 1st period - Shot Misses the Net.
4:37 of 1st period - Snap shot by Bo Horvat.
4:37 of 1st period - Stopped by Andrei Vasilevskiy with a rebound.
5:28 of 1st period - Wrist shot by Tim Stutzle.
5:28 of 1st period - Shot Misses the Net.
5:30 of 1st period - Wrist shot by Nikita Zadorov.
5:30 of 1st period - Shot Misses the Net.
5:32 of 1st period - Wrist shot by Nikita Zadorov.
5:32 of 1st period - Shot Blocked by Devon Toews.
5:34 of 1st period - Slapshot by Martin Fehervary.
5:34 of 1st period - Shot Blocked by Patrice Bergeron.
6:27 of 1st period - Slapshot by Cale Makar.
6:27 of 1st period - Stopped by Andrei Vasilevskiy with a rebound.
6:29 of 1st period - Snap shot by Barrett Hayton.
6:29 of 1st period - Stopped by Andrei Vasilevskiy without a rebound.
6:30 of 1st period - Patrice Bergeron wins face-off versus Nick Bonino in Colorado Rockies zone.
6:31 of 1st period - Snap shot by Kirby Dach.
6:31 of 1st period - Shot Misses the Net.
6:45 of 1st period - Wrist shot by Jakub Vrana.
6:45 of 1st period - Shot Blocked by Marcus Pettersson.
6:47 of 1st period - Snap shot by Victor Hedman.
6:47 of 1st period - Stopped by Thatcher Demko with a rebound.
6:49 of 1st period - Slapshot by Victor Hedman.
6:49 of 1st period - Stopped by Thatcher Demko with a rebound.
6:51 of 1st period - Wrist shot by Nick Bonino.
6:51 of 1st period - Stopped by Thatcher Demko without a rebound.
6:52 of 1st period - Nicholas Paul wins face-off versus Tim Stutzle in Chicago Black Hawks zone.
6:54 of 1st period - Minor Penalty to Conor Sheary for High sticking.
6:55 of 1st period - Tim Stutzle wins face-off versus Patrice Bergeron in Chicago Black Hawks zone.
6:59 of 1st period - Snap shot by Tim Stutzle.
6:59 of 1st period - Stopped by Thatcher Demko with a rebound.
7:11 of 1st period - Wrist shot by Tim Stutzle.
7:11 of 1st period - Shot Misses the Net.
7:23 of 1st period - Snap shot by Barrett Hayton.
7:23 of 1st period - Shot Blocked by Nikita Kucherov.
8:47 of 1st period - Devon Toews is hit by Vince Dunn and loses puck.
8:54 of 1st period - Penalty to Conor Sheary is over, Conor Sheary is back on ice.
9:06 of 1st period - Wrist shot by Michael Bunting.
9:06 of 1st period - Stopped by Thatcher Demko without a rebound.
9:07 of 1st period - Bo Horvat wins face-off versus Nick Schmaltz in Chicago Black Hawks zone.
9:16 of 1st period - Wrist shot by Kevin Fiala.
9:16 of 1st period - Stopped by Andrei Vasilevskiy with a rebound.
9:18 of 1st period - Slapshot by Cale Makar.
9:18 of 1st period - Deflect By Michael Bunting.
9:18 of 1st period - Stopped by Andrei Vasilevskiy without a rebound.
9:19 of 1st period - Nick Schmaltz wins face-off versus Nicholas Paul in Colorado Rockies zone.
10:02 of 1st period - Icing by Cale Makar.
10:03 of 1st period - Patrice Bergeron wins face-off versus Ryan O'Reilly in Chicago Black Hawks zone.
10:42 of 1st period - Tim Stutzle is hit by Marcus Pettersson and loses puck.
10:49 of 1st period - Jaden Schwartz is hit by Jesper Bratt and loses puck.
11:02 of 1st period - Wrist shot by Bo Horvat.
11:02 of 1st period - Stopped by Andrei Vasilevskiy with a rebound.
11:29 of 1st period - Wrist shot by Kyle Connor.
11:29 of 1st period - Shot Misses the Net.
11:39 of 1st period - Nikita Zadorov is hit by Barrett Hayton and loses puck.
11:48 of 1st period - Slapshot by Kirby Dach.
11:48 of 1st period - Shot Blocked by Martin Fehervary.
12:05 of 1st period - Jesper Bratt is hit by Michael Rasmussen and loses puck.
12:22 of 1st period - Seth Jones is hit by Andrew Peeke and loses puck.
12:47 of 1st period - Victor Hedman is hit by Vincent Trocheck and loses puck.
13:34 of 1st period - Slapshot by Vincent Trocheck.
13:34 of 1st period - Stopped by Andrei Vasilevskiy with a rebound.
13:58 of 1st period - Icing by Seth Jones.
13:59 of 1st period - Nick Bonino wins face-off versus Patrice Bergeron in Chicago Black Hawks zone.
14:00 of 1st period - Wrist shot by Kyle Palmieri.
14:00 of 1st period - Stopped by Thatcher Demko with a rebound.
14:02 of 1st period - Snap shot by Jesper Bratt.
14:02 of 1st period - Stopped by Thatcher Demko with a rebound.
14:04 of 1st period - Snap shot by Jesper Bratt.
14:04 of 1st period - Shot Misses the Net.
14:06 of 1st period - Slapshot by Tim Stutzle.
14:06 of 1st period - Stopped by Thatcher Demko without a rebound.
14:07 of 1st period - Nicholas Paul wins face-off versus Tim Stutzle in Chicago Black Hawks zone.
14:24 of 1st period - Snap shot by David Pastrnak.
14:24 of 1st period - Stopped by Thatcher Demko with a rebound.
15:23 of 1st period - Devon Toews is hit by Victor Hedman and loses puck.
15:46 of 1st period - Snap shot by Nick Schmaltz.
15:46 of 1st period - Stopped by Thatcher Demko with a rebound.
15:48 of 1st period - Slapshot by Michael Bunting.
15:48 of 1st period - Stopped by Thatcher Demko with a rebound.
15:50 of 1st period - Slapshot by Martin Fehervary.
15:50 of 1st period - Shot Misses the Net.
15:52 of 1st period - Wrist shot by Nick Schmaltz.
15:52 of 1st period - Shot Misses the Net.
15:54 of 1st period - Slapshot by Martin Fehervary.
15:54 of 1st period - Shot Blocked by Brent Burns.
16:12 of 1st period - Slapshot by Shane Pinto.
16:12 of 1st period - Stopped by Andrei Vasilevskiy without a rebound.
16:13 of 1st period - Bo Horvat wins face-off versus Ryan O'Reilly in Colorado Rockies zone.
16:26 of 1st period - Snap shot by Vincent Trocheck.
16:26 of 1st period - Shot Misses the Net.
16:28 of 1st period - Backhand shot by Bo Horvat.
16:28 of 1st period - Deflect By Vincent Trocheck.
16:28 of 1st period - Stopped by Andrei Vasilevskiy with a rebound.
16:30 of 1st period - Slapshot by Seth Jones.
16:30 of 1st period - Deflect By Bo Horvat.
16:30 of 1st period - Shot Blocked by Ryan O'Reilly.
16:30 of 1st period - Puck is out of play.
16:31 of 1st period - Patrice Bergeron wins face-off versus Tim Stutzle in Colorado Rockies zone.
17:59 of 1st period - Slapshot by Cale Makar.
17:59 of 1st period - Shot Blocked by Vince Dunn.
18:02 of 1st period - Icing by Vince Dunn.
18:03 of 1st period - Nick Bonino wins face-off versus Nicholas Paul in Colorado Rockies zone.
18:26 of 1st period - Wrist shot by Vincent Trocheck.
18:26 of 1st period - Stopped by Andrei Vasilevskiy without a rebound.
18:27 of 1st period - Ryan O'Reilly wins face-off versus Bo Horvat in Colorado Rockies zone.
18:27 of 1st period - Ryan O'Reilly is hit by Marcus Pettersson.
19:01 of 1st period - Slapshot by David Pastrnak.
19:01 of 1st period - Stopped by Thatcher Demko with a rebound.
19:19 of 1st period - Icing by Nick Bonino.
19:20 of 1st period - Nick Bonino wins face-off versus Nicholas Paul in Colorado Rockies zone.
19:58 of 1st period - Bo Horvat is hit by Nikita Zadorov and loses puck.
Goals for this period are 1 for Chicago Black Hawks vs 0 for Colorado Rockies.
Shots for this period are 15 for Chicago Black Hawks vs 14 for Colorado Rockies.
2nd period
0:01 of 2nd period - Nicholas Paul wins face-off versus Ryan O'Reilly in neutral zone.
0:04 of 2nd period - Slapshot by Cale Makar.
0:04 of 2nd period - Stopped by Andrei Vasilevskiy with a rebound.
0:16 of 2nd period - Snap shot by Nikita Kucherov.
0:16 of 2nd period - Deflect By Ryan O'Reilly.
0:16 of 2nd period - Shot Blocked by Seth Jones.
0:16 of 2nd period - Puck is out of play.
0:17 of 2nd period - Bo Horvat wins face-off versus Tim Stutzle in Chicago Black Hawks zone.
1:52 of 2nd period - Snap shot by David Pastrnak.
1:52 of 2nd period - Stopped by Thatcher Demko without a rebound.
1:53 of 2nd period - Patrice Bergeron wins face-off versus Tim Stutzle in Chicago Black Hawks zone.
2:16 of 2nd period - Wrist shot by Tim Stutzle.
2:16 of 2nd period - Stopped by Thatcher Demko with a rebound.
2:26 of 2nd period - Snap shot by Jaden Schwartz.
2:26 of 2nd period - Stopped by Andrei Vasilevskiy with a rebound.
3:31 of 2nd period - Wrist shot by Patrice Bergeron.
3:31 of 2nd period - Deflect By Kirby Dach.
3:31 of 2nd period - Stopped by Andrei Vasilevskiy without a rebound.
3:32 of 2nd period - Ryan O'Reilly wins face-off versus Nicholas Paul in Colorado Rockies zone.
4:16 of 2nd period - Minor Penalty to Nikita Zadorov for Hooking.
4:17 of 2nd period - Ryan O'Reilly wins face-off versus Bo Horvat in Colorado Rockies zone.
5:59 of 2nd period - Icing by Bo Horvat.
6:00 of 2nd period - Bo Horvat wins face-off versus Nick Bonino in Chicago Black Hawks zone.
6:16 of 2nd period - Penalty to Nikita Zadorov is over, Nikita Zadorov is back on ice.
7:13 of 2nd period - Snap shot by Jakub Vrana.
7:13 of 2nd period - Shot Misses the Net.
8:14 of 2nd period - Barrett Hayton is hit by Victor Hedman and loses puck.
8:27 of 2nd period - Vincent Trocheck is hit by Nick Bonino and loses puck.
8:44 of 2nd period - Devon Toews is hit by Tim Stutzle and loses puck.
9:07 of 2nd period - Minor Penalty to Ryan O'Reilly for Hooking.
9:08 of 2nd period - Tim Stutzle wins face-off versus Patrice Bergeron in Colorado Rockies zone.
9:21 of 2nd period - Andrew Peeke is hit by Cale Makar and loses puck.
9:49 of 2nd period - Icing by Vincent Trocheck.
9:50 of 2nd period - Bo Horvat wins face-off versus Nick Schmaltz in Chicago Black Hawks zone.
9:53 of 2nd period - Snap shot by Tim Stutzle.
9:53 of 2nd period - Stopped by Thatcher Demko without a rebound.
9:54 of 2nd period - Patrice Bergeron wins face-off versus Nick Bonino in Chicago Black Hawks zone.
10:09 of 2nd period - Backhand shot by Cale Makar.
10:09 of 2nd period - Stopped by Andrei Vasilevskiy with a rebound.
10:51 of 2nd period - Snap shot by Nick Schmaltz.
10:51 of 2nd period - Shot Blocked by Vincent Trocheck.
11:07 of 2nd period - Penalty to Ryan O'Reilly is over, Ryan O'Reilly is back on ice.
11:29 of 2nd period - Wrist shot by Jesper Bratt.
11:29 of 2nd period - Shot Blocked by Devon Toews.
11:31 of 2nd period - Wrist shot by Ryan O'Reilly.
11:31 of 2nd period - Shot Misses the Net.
11:53 of 2nd period - Snap shot by Conor Sheary.
11:53 of 2nd period - Stopped by Andrei Vasilevskiy without a rebound.
11:54 of 2nd period - Bo Horvat wins face-off versus Michael Bunting in Colorado Rockies zone.
12:28 of 2nd period - Snap shot by Patrice Bergeron.
12:28 of 2nd period - Shot Misses the Net.
12:30 of 2nd period - Slapshot by Kirby Dach.
12:30 of 2nd period - Shot Misses the Net.
12:45 of 2nd period - Kyle Palmieri is hit by Michael Rasmussen and loses puck.
12:57 of 2nd period - Minor Penalty to Michael Bunting for Slashing.
12:58 of 2nd period - Nick Bonino wins face-off versus Patrice Bergeron in Colorado Rockies zone.
13:26 of 2nd period - Snap shot by Bo Horvat.
13:26 of 2nd period - Deflect By Vincent Trocheck.
13:26 of 2nd period - Stopped by Andrei Vasilevskiy without a rebound.
13:27 of 2nd period - Bo Horvat wins face-off versus Nick Bonino in Colorado Rockies zone.
13:36 of 2nd period - Snap shot by Kevin Fiala.
13:36 of 2nd period - Stopped by Andrei Vasilevskiy with a rebound.
13:58 of 2nd period - Patrice Bergeron is hit by Tim Stutzle.
14:57 of 2nd period - Penalty to Michael Bunting is over, Michael Bunting is back on ice.
15:06 of 2nd period - Nikita Zadorov is hit by Marcus Pettersson.
16:01 of 2nd period - Wrist shot by Nick Schmaltz.
16:01 of 2nd period - Shot Blocked by Brent Burns.
16:06 of 2nd period - Off-side.
16:07 of 2nd period - Nikita Kucherov wins face-off versus Nicholas Paul in neutral zone.
16:15 of 2nd period - Snap shot by Kyle Connor.
16:15 of 2nd period - Stopped by Thatcher Demko without a rebound.
16:16 of 2nd period - Ryan O'Reilly wins face-off versus Patrice Bergeron in Chicago Black Hawks zone.
16:52 of 2nd period - Wrist shot by Kevin Fiala.
16:52 of 2nd period - Deflect By Bo Horvat.
16:52 of 2nd period - Shot Misses the Net.
16:52 of 2nd period - Puck is out of play.
16:53 of 2nd period - Bo Horvat wins face-off versus Tim Stutzle in Colorado Rockies zone.
16:54 of 2nd period - Snap shot by Kevin Fiala.
16:54 of 2nd period - Stopped by Andrei Vasilevskiy without a rebound.
16:55 of 2nd period - Tim Stutzle wins face-off versus Bo Horvat in Colorado Rockies zone.
17:28 of 2nd period - Slapshot by Quinn Hughes.
17:28 of 2nd period - Stopped by Thatcher Demko with a rebound.
17:50 of 2nd period - Shane Pinto is hit by Victor Hedman and loses puck.
17:59 of 2nd period - Snap shot by Kyle Connor.
17:59 of 2nd period - Stopped by Thatcher Demko with a rebound.
18:31 of 2nd period - Wrist shot by Nikita Kucherov.
18:31 of 2nd period - Stopped by Thatcher Demko with a rebound.
19:21 of 2nd period - Snap shot by Ryan O'Reilly.
19:21 of 2nd period - Shot Misses the Net.
19:23 of 2nd period - Slapshot by Victor Hedman.
19:23 of 2nd period - Stopped by Thatcher Demko with a rebound.
19:25 of 2nd period - Snap shot by Nikita Kucherov.
19:25 of 2nd period - Shot Misses the Net.
19:27 of 2nd period - Snap shot by Kyle Connor.
19:27 of 2nd period - Stopped by Thatcher Demko without a rebound.
19:28 of 2nd period - Bo Horvat wins face-off versus Tim Stutzle in Chicago Black Hawks zone.
19:30 of 2nd period - Minor Penalty to Kevin Fiala for Tripping.
19:31 of 2nd period - David Pastrnak wins face-off versus Patrice Bergeron in Chicago Black Hawks zone.
19:33 of 2nd period - Snap shot by David Pastrnak.
19:33 of 2nd period - Shot Blocked by Patrice Bergeron.
19:37 of 2nd period - Snap shot by Tim Stutzle.
19:37 of 2nd period - Goal by Tim Stutzle - Chicago Black Hawks : 1 - Colorado Rockies : 1.
19:38 of 2nd period - Vincent Trocheck wins face-off versus Tim Stutzle in neutral zone.
19:52 of 2nd period - Icing by Andrew Peeke.
19:53 of 2nd period - Patrice Bergeron wins face-off versus Tim Stutzle in Colorado Rockies zone.
Goals for this period are 0 for Chicago Black Hawks vs 1 for Colorado Rockies.
Shots for this period are 8 for Chicago Black Hawks vs 10 for Colorado Rockies.
3rd period
0:01 of 3rd period - Patrice Bergeron wins face-off versus Nick Schmaltz in neutral zone.
0:22 of 3rd period - Minor Penalty to Seth Jones for Roughing.
0:23 of 3rd period - Ryan O'Reilly wins face-off versus Barrett Hayton in Chicago Black Hawks zone.
0:30 of 3rd period - Snap shot by Jesper Bratt.
0:30 of 3rd period - Shot Blocked by Marcus Pettersson.
0:32 of 3rd period - Snap shot by Vince Dunn.
0:32 of 3rd period - Stopped by Thatcher Demko without a rebound.
0:33 of 3rd period - Barrett Hayton wins face-off versus Jesper Bratt in Chicago Black Hawks zone.
0:38 of 3rd period - Slapshot by Brent Burns.
0:38 of 3rd period - Shot Misses the Net.
0:44 of 3rd period - Barrett Hayton is hit by Vince Dunn and loses puck.
0:59 of 3rd period - Snap shot by Ryan O'Reilly.
0:59 of 3rd period - Shot Misses the Net.
1:01 of 3rd period - Slapshot by Nick Bonino.
1:01 of 3rd period - Shot Misses the Net.
1:03 of 3rd period - Slapshot by Vince Dunn.
1:03 of 3rd period - Deflect By Jesper Bratt.
1:03 of 3rd period - Shot Misses the Net.
1:03 of 3rd period - Puck is out of play.
1:04 of 3rd period - David Pastrnak wins face-off versus Patrice Bergeron in Chicago Black Hawks zone.
1:11 of 3rd period - Snap shot by Tim Stutzle.
1:11 of 3rd period - Deflect By David Pastrnak.
1:11 of 3rd period - Shot Misses the Net.
1:11 of 3rd period - Puck is out of play.
1:12 of 3rd period - Patrice Bergeron wins face-off versus Tim Stutzle in Chicago Black Hawks zone.
1:39 of 3rd period - Off-side.
1:40 of 3rd period - Barrett Hayton wins face-off versus Ryan O'Reilly in neutral zone.
1:57 of 3rd period - Wrist shot by Ryan O'Reilly.
1:57 of 3rd period - Shot Blocked by Michael Rasmussen.
2:22 of 3rd period - Penalty to Seth Jones is over, Seth Jones is back on ice.
2:33 of 3rd period - Backhand shot by Vincent Trocheck.
2:33 of 3rd period - Shot Misses the Net.
2:49 of 3rd period - Nikita Kucherov is hit by Bo Horvat and loses puck.
3:22 of 3rd period - Barrett Hayton is hit by Nikita Kucherov.
3:42 of 3rd period - Slapshot by Nicholas Paul.
3:42 of 3rd period - Deflect By Michael Rasmussen.
3:42 of 3rd period - Stopped by Andrei Vasilevskiy without a rebound.
3:43 of 3rd period - Shane Pinto wins face-off versus Nick Bonino in Colorado Rockies zone.
3:46 of 3rd period - Snap shot by Shane Pinto.
3:46 of 3rd period - Shot Misses the Net.
3:48 of 3rd period - Wrist shot by Nicholas Paul.
3:48 of 3rd period - Deflect By Shane Pinto.
3:48 of 3rd period - Shot Misses the Net.
3:48 of 3rd period - Puck is out of play.
3:49 of 3rd period - Tim Stutzle wins face-off versus Kevin Fiala in Colorado Rockies zone.
4:32 of 3rd period - Kirby Dach is hit by Jakub Vrana and loses puck.
5:19 of 3rd period - Minor Penalty to Martin Fehervary for Slashing.
5:20 of 3rd period - Patrice Bergeron wins face-off versus Nick Bonino in Colorado Rockies zone.
5:25 of 3rd period - Wrist shot by Patrice Bergeron.
5:25 of 3rd period - Stopped by Andrei Vasilevskiy with a rebound.
5:33 of 3rd period - Snap shot by Tim Stutzle.
5:33 of 3rd period - Shot Misses the Net.
5:35 of 3rd period - Slapshot by Quinn Hughes.
5:35 of 3rd period - Shot Blocked by Brent Burns.
6:36 of 3rd period - Andrew Peeke is hit by Cale Makar and loses puck.
7:19 of 3rd period - Penalty to Martin Fehervary is over, Martin Fehervary is back on ice.
7:51 of 3rd period - Nicholas Paul is hit by David Pastrnak and loses puck.
8:34 of 3rd period - Slapshot by Vince Dunn.
8:34 of 3rd period - Stopped by Thatcher Demko with a rebound.
9:14 of 3rd period - Nick Schmaltz is hit by Vincent Trocheck and loses puck.
10:44 of 3rd period - Wrist shot by Conor Sheary.
10:44 of 3rd period - Deflect By Frederick Gaudreau.
10:44 of 3rd period - Stopped by Andrei Vasilevskiy without a rebound.
10:45 of 3rd period - Bo Horvat wins face-off versus Ryan O'Reilly in Colorado Rockies zone.
10:57 of 3rd period - Icing by Kyle Connor.
10:58 of 3rd period - Bo Horvat wins face-off versus Ryan O'Reilly in Colorado Rockies zone.
10:59 of 3rd period - Slapshot by Kevin Fiala.
10:59 of 3rd period - Stopped by Andrei Vasilevskiy without a rebound.
11:00 of 3rd period - Tim Stutzle wins face-off versus Bo Horvat in Colorado Rockies zone.
11:05 of 3rd period - Snap shot by Tim Stutzle.
11:05 of 3rd period - Stopped by Thatcher Demko without a rebound.
11:06 of 3rd period - Tim Stutzle wins face-off versus Bo Horvat in Chicago Black Hawks zone.
11:41 of 3rd period - Wrist shot by Bo Horvat.
11:41 of 3rd period - Shot Misses the Net.
11:43 of 3rd period - Wrist shot by Bo Horvat.
11:43 of 3rd period - Deflect By Vincent Trocheck.
11:43 of 3rd period - Stopped by Andrei Vasilevskiy without a rebound.
11:44 of 3rd period - Patrice Bergeron wins face-off versus Ryan O'Reilly in Colorado Rockies zone.
11:53 of 3rd period - Snap shot by Patrice Bergeron.
11:53 of 3rd period - Shot Misses the Net.
11:55 of 3rd period - Snap shot by Kirby Dach.
11:55 of 3rd period - Stopped by Andrei Vasilevskiy with a rebound.
12:09 of 3rd period - Nicholas Paul is hit by Nick Schmaltz and loses puck.
12:34 of 3rd period - Slapshot by Vincent Trocheck.
12:34 of 3rd period - Stopped by Andrei Vasilevskiy without a rebound.
12:35 of 3rd period - Ryan O'Reilly wins face-off versus Bo Horvat in Colorado Rockies zone.
12:40 of 3rd period - Slapshot by Victor Hedman.
12:40 of 3rd period - Stopped by Thatcher Demko without a rebound.
12:41 of 3rd period - Ryan O'Reilly wins face-off versus Patrice Bergeron in Chicago Black Hawks zone.
12:46 of 3rd period - Slapshot by Kyle Connor.
12:46 of 3rd period - Shot Misses the Net.
13:14 of 3rd period - Wrist shot by Vincent Trocheck.
13:14 of 3rd period - Stopped by Andrei Vasilevskiy without a rebound.
13:15 of 3rd period - Tim Stutzle wins face-off versus Bo Horvat in Colorado Rockies zone.
14:00 of 3rd period - Backhand shot by Jaden Schwartz.
14:00 of 3rd period - Stopped by Andrei Vasilevskiy with a rebound.
14:02 of 3rd period - Snap shot by Nicholas Paul.
14:02 of 3rd period - Shot Misses the Net.
14:04 of 3rd period - Slapshot by Cale Makar.
14:04 of 3rd period - Stopped by Andrei Vasilevskiy without a rebound.
14:05 of 3rd period - Nick Schmaltz wins face-off versus Bo Horvat in Colorado Rockies zone.
14:10 of 3rd period - Slapshot by Victor Hedman.
14:10 of 3rd period - Stopped by Thatcher Demko without a rebound.
14:11 of 3rd period - Ryan O'Reilly wins face-off versus Bo Horvat in Chicago Black Hawks zone.
14:12 of 3rd period - Wrist shot by Kyle Connor.
14:12 of 3rd period - Stopped by Thatcher Demko with a rebound.
14:26 of 3rd period - Quinn Hughes is hit by Vincent Trocheck and loses puck.
14:43 of 3rd period - Wrist shot by Kirby Dach.
14:43 of 3rd period - Shot Misses the Net.
15:12 of 3rd period - Slapshot by Cale Makar.
15:12 of 3rd period - Deflect By Quinn Hughes.
15:12 of 3rd period - Stopped by Andrei Vasilevskiy without a rebound.
15:13 of 3rd period - Shane Pinto wins face-off versus Nick Schmaltz in Colorado Rockies zone.
15:14 of 3rd period - Snap shot by Michael Rasmussen.
15:14 of 3rd period - Shot Misses the Net.
15:49 of 3rd period - Wrist shot by Patrice Bergeron.
15:49 of 3rd period - Shot Blocked by Nick Schmaltz.
16:26 of 3rd period - Off-side.
16:27 of 3rd period - Ryan O'Reilly wins face-off versus Patrice Bergeron in neutral zone.
16:30 of 3rd period - Marcus Pettersson is hit by Kyle Connor and loses puck.
17:06 of 3rd period - Slapshot by Quinn Hughes.
17:06 of 3rd period - Shot Misses the Net.
17:28 of 3rd period - Slapshot by Vincent Trocheck.
17:28 of 3rd period - Deflect By Bo Horvat.
17:28 of 3rd period - Shot Misses the Net.
17:28 of 3rd period - Puck is out of play.
17:29 of 3rd period - Patrice Bergeron wins face-off versus Nick Schmaltz in Colorado Rockies zone.
17:36 of 3rd period - Snap shot by Kirby Dach.
17:36 of 3rd period - Stopped by Andrei Vasilevskiy with a rebound.
17:38 of 3rd period - Slapshot by Brent Burns.
17:38 of 3rd period - Stopped by Andrei Vasilevskiy without a rebound.
17:39 of 3rd period - Patrice Bergeron wins face-off versus Nick Schmaltz in Colorado Rockies zone.
17:50 of 3rd period - Wrist shot by Kirby Dach.
17:50 of 3rd period - Stopped by Andrei Vasilevskiy without a rebound.
17:51 of 3rd period - Nicholas Paul wins face-off versus Nick Schmaltz in Colorado Rockies zone.
17:51 of 3rd period - Nicholas Paul is hit by Martin Fehervary.
17:53 of 3rd period - Slapshot by Cale Makar.
17:53 of 3rd period - Shot Blocked by Martin Fehervary.
18:02 of 3rd period - Minor Penalty to Nikita Zadorov for Roughing.
18:03 of 3rd period - Nick Bonino wins face-off versus Bo Horvat in Colorado Rockies zone.
18:03 of 3rd period - Nick Bonino is hit by Seth Jones.
Goals for this period are 0 for Chicago Black Hawks vs 0 for Colorado Rockies.
Shots for this period are 14 for Chicago Black Hawks vs 6 for Colorado Rockies.
Overtime #1
0:01 of 1st overtime period - Ryan O'Reilly wins face-off versus Frederick Gaudreau in neutral zone.
0:02 of 1st overtime period - Penalty to Nikita Zadorov is over, Nikita Zadorov is back on ice.
0:08 of 1st overtime period - Snap shot by Victor Hedman.
0:08 of 1st overtime period - Stopped by Thatcher Demko without a rebound.
0:09 of 1st overtime period - Vincent Trocheck wins face-off versus Ryan O'Reilly in Chicago Black Hawks zone.
0:31 of 1st overtime period - Snap shot by Frederick Gaudreau.
0:31 of 1st overtime period - Stopped by Andrei Vasilevskiy without a rebound.
0:32 of 1st overtime period - Tim Stutzle wins face-off versus Kevin Fiala in Colorado Rockies zone.
0:37 of 1st overtime period - Kevin Fiala is hit by Nikita Kucherov and loses puck.
0:49 of 1st overtime period - Snap shot by Quinn Hughes.
0:49 of 1st overtime period - Deflect By Nikita Kucherov.
0:49 of 1st overtime period - Stopped by Thatcher Demko without a rebound.
0:50 of 1st overtime period - Ryan O'Reilly wins face-off versus Vincent Trocheck in Chicago Black Hawks zone.
0:55 of 1st overtime period - Snap shot by Ryan O'Reilly.
0:55 of 1st overtime period - Stopped by Thatcher Demko with a rebound.
0:57 of 1st overtime period - Slapshot by Andrew Peeke.
0:57 of 1st overtime period - Deflect By David Pastrnak.
0:57 of 1st overtime period - Shot Misses the Net.
0:57 of 1st overtime period - Puck is out of play.
0:58 of 1st overtime period - Vincent Trocheck wins face-off versus Ryan O'Reilly in Chicago Black Hawks zone.
2:20 of 1st overtime period - Icing by Tim Stutzle.
2:21 of 1st overtime period - Vincent Trocheck wins face-off versus Ryan O'Reilly in Colorado Rockies zone.
4:09 of 1st overtime period - Kevin Fiala is hit by Michael Bunting and loses puck.
4:14 of 1st overtime period - Snap shot by Quinn Hughes.
4:14 of 1st overtime period - Stopped by Thatcher Demko with a rebound.
4:50 of 1st overtime period - Wrist shot by Michael Rasmussen.
4:50 of 1st overtime period - Stopped by Andrei Vasilevskiy with a rebound.
Goals for this period are 0 for Chicago Black Hawks vs 0 for Colorado Rockies.
Shots for this period are 2 for Chicago Black Hawks vs 4 for Colorado Rockies.
ShootOut
5:00 of 1st overtime period - Round #1.
5:00 of 1st overtime period - Chicago Black Hawks, Bo Horvat.
5:00 of 1st overtime period - Wrist shot by Bo Horvat.
5:00 of 1st overtime period - Stopped by Andrei Vasilevskiy.
5:00 of 1st overtime period - Colorado Rockies, Ryan O'Reilly.
5:00 of 1st overtime period - Snap shot by Ryan O'Reilly.
5:00 of 1st overtime period - Stopped by Thatcher Demko.
5:00 of 1st overtime period - Round #2.
5:00 of 1st overtime period - Chicago Black Hawks, Patrice Bergeron.
5:00 of 1st overtime period - Backhand shot by Patrice Bergeron.
5:00 of 1st overtime period - Stopped by Andrei Vasilevskiy.
5:00 of 1st overtime period - Colorado Rockies, Michael Bunting.
5:00 of 1st overtime period - Wrist shot by Michael Bunting.
5:00 of 1st overtime period - Goal by Michael Bunting.
5:00 of 1st overtime period - Round #3.
5:00 of 1st overtime period - Chicago Black Hawks, Vincent Trocheck.
5:00 of 1st overtime period - Wrist shot by Vincent Trocheck.
5:00 of 1st overtime period - Stopped by Andrei Vasilevskiy.
Back to the Top